[Event "FICS rated blitz game"]
[Site "FICS freechess.org"]
[FICSGamesDBGameNo "20002360"]
[White "bral"]
[Black "Urania"]
[WhiteElo "2138"]
[BlackElo "1989"]
[WhiteRD "na"]
[BlackRD "na"]
[TimeControl "180+0"]
[Date "1999.10.06"]
[Time "18:12:00"]
[WhiteClock "0:03:00.000"]
[BlackClock "0:03:00.000"]
[ECO "B10"]
[PlyCount "61"]
[Result "1-0"]

1. e4 c6 2. Nc3 d5 3. Nf3 dxe4 4. Nxe4 Nf6 5. Ng3 Bg4 6. Bc4 e6 7. h3 Bxf3 8. Qxf3 Bd6 9. d3 Nbd7 10. Qe2 Qc7 11. Nh5 Nxh5 12. Qxh5 Nf6 13. Qg5 O-O-O 14. O-O Rhg8 15. Bd2 h6 16. Qe3 Nd5 17. Bxd5 cxd5 18. c4 Bc5 19. d4 Be7 20. cxd5 Rxd5 21. Rac1 Bc5 22. Rxc5 Rxc5 23. dxc5 Rd8 24. Bc3 Qc6 25. Bxg7 Rg8 26. Qxh6 Qxc5 27. Qh7 Rd8 28. Bc3 Rd7 29. Qh8+ Kc7 30. Qe5+ Qxe5 31. Bxe5+ {Black resigns} 1-0

[Event "FICS rated blitz game"]
[Site "FICS freechess.org"]
[FICSGamesDBGameNo "20002359"]
[White "ppd"]
[Black "JohnX"]
[WhiteElo "1527"]
[BlackElo "1574"]
[WhiteRD "na"]
[BlackRD "na"]
[TimeControl "180+0"]
[Date "1999.10.06"]
[Time "18:02:00"]
[WhiteClock "0:03:00.000"]
[BlackClock "0:03:00.000"]
[ECO "A06"]
[PlyCount "86"]
[Result "0-1"]

1. Nf3 d5 2. e4 Nf6 3. e5 Nfd7 4. d4 e6 5. c4 c6 6. c5 Be7 7. b4 b6 8. Bd3 O-O 9. O-O bxc5 10. bxc5 Ba6 11. Bxa6 Nxa6 12. Qd3 Nb4 13. Qd2 Na6 14. Qe2 Nc7 15. Be3 Nb5 16. Rc1 f6 17. Nc3 Nxc3 18. Rxc3 fxe5 19. Nxe5 Bf6 20. Rd1 Nxe5 21. dxe5 Bxe5 22. Rcc1 Qh4 23. h3 Qe7 24. Rb1 Rab8 25. Bd2 Bf6 26. Be3 Rxb1 27. Rxb1 d4 28. Bf4 Qxc5 29. Bg3 e5 30. Re1 Re8 31. Qa6 e4 32. Qb7 e3 33. Qd7 Qe7 34. Qxc6 exf2+ 35. Bxf2 Be5 36. Bxd4 Bxd4+ 37. Kh2 Qxe1 38. Qc4+ Kh8 39. Qxd4 h6 40. Qxa7 Qe5+ 41. Kh1 Rd8 42. Qa4 Rd4 43. Qb3 Re4 {White forfeits on time} 0-1

[Event "FICS rated blitz game"]
[Site "FICS freechess.org"]
[FICSGamesDBGameNo "20002358"]
[White "crickercm"]
[Black "lecomte"]
[WhiteElo "1045"]
[BlackElo "1252"]
[WhiteRD "na"]
[BlackRD "na"]
[TimeControl "240+12"]
[Date "1999.10.06"]
[Time "17:31:00"]
[WhiteClock "0:04:00.000"]
[BlackClock "0:04:00.000"]
[ECO "B23"]
[PlyCount "134"]
[Result "0-1"]

1. e4 c5 2. Nc3 d6 3. Bc4 Nc6 4. Qf3 Nf6 5. Bb5 Bd7 6. Bxc6 Bxc6 7. Nh3 e6 8. d3 Be7 9. Ng5 O-O 10. h4 Nd7 11. Qh5 Nf6 12. Qf3 a6 13. h5 h6 14. Nh3 Kh8 15. Nf4 Nd7 16. g4 Ne5 17. Qh3 Bg5 18. Be3 Qf6 19. d4 Nc4 20. dxc5 dxc5 21. Bxc5 Rfd8 22. Be3 Bxf4 23. Bxf4 Qxf4 24. O-O Nxb2 25. Qh4 Bxe4 26. Nxe4 Qxe4 27. Qe7 Rf8 28. c3 Qxg4+ 29. Kh1 Qxh5+ 30. Kg2 Qg5+ 31. Qxg5 hxg5 32. Rh1+ Kg8 33. Rh5 f6 34. Rb1 Nd3 35. Rxb7 e5 36. c4 Nf4+ 37. Kg3 Nxh5+ 38. Kg4 Nf4 39. Kf5 Rfb8 40. Rd7 Rb2 41. c5 Rxa2 42. c6 Rc2 43. c7 Kh7 44. Rd8 Rxc7 45. Rxa8 Rc6 46. f3 Rc3 47. Kg4 Ra3 48. Ra7 Kg6 49. Ra8 a5 50. Rb8 Ra1 51. Kg3 a4 52. Kf2 a3 53. Ra8 a2 54. Ke3 Re1+ 55. Kf2 a1=Q 56. Rxa1 Rxa1 57. Ke3 Ra3+ 58. Kf2 Kh5 59. Kg3 g6 60. Kf2 Kh4 61. Kg1 Kh3 62. Kf2 f5 63. Kg1 Kg3 64. Kh1 Kxf3 65. Kh2 Ra2+ 66. Kg1 g4 67. Kf1 Ra1# {White checkmated} 0-1

[Event "FICS rated blitz game"]
[Site "FICS freechess.org"]
[FICSGamesDBGameNo "20002356"]
[White "Nacaf"]
[Black "Oath"]
[WhiteElo "1732"]
[BlackElo "1500"]
[WhiteRD "na"]
[BlackRD "na"]
[TimeControl "180+0"]
[Date "1999.10.06"]
[Time "17:30:00"]
[WhiteClock "0:03:00.000"]
[BlackClock "0:03:00.000"]
[ECO "B54"]
[PlyCount "82"]
[Result "0-1"]

1. e4 c5 2. Nf3 d6 3. d4 cxd4 4. Nxd4 e5 5. Nf3 a6 6. Nc3 Nc6 7. Be3 f5 8. Bd3 fxe4 9. Bxe4 Bg4 10. O-O Nf6 11. Bxc6+ bxc6 12. h3 Bh5 13. Bg5 Be7 14. Qd3 O-O 15. Rfe1 Bxf3 16. Qxf3 Nd5 17. Bxe7 Nxe7 18. Qe4 Ng6 19. Rad1 d5 20. Qg4 Rf4 21. Qg3 h5 22. Rxe5 h4 23. Qxg6 Qb6 24. Re8+ Rxe8 25. Qxe8+ Kh7 26. Qh5+ Kg8 27. Rd2 Qxb2 28. Re2 Qxc3 29. Re8+ Rf8 30. Rxf8+ Kxf8 31. Qxh4 Qxc2 32. Qd8+ Kf7 33. Qd7+ Kg6 34. Qxc6+ Qxc6 35. Kh2 Qc1 36. g3 Qd2 37. Kg2 Qxa2 38. h4 Qe2 39. h5+ Kxh5 40. g4+ Kxg4 41. Kg1 Kh3 {White resigns} 0-1

[Event "FICS rated blitz game"]
[Site "FICS freechess.org"]
[FICSGamesDBGameNo "20002355"]
[White "Chesney"]
[Black "Jatekos"]
[WhiteElo "1640"]
[BlackElo "1529"]
[WhiteRD "na"]
[BlackRD "na"]
[TimeControl "300+0"]
[Date "1999.10.06"]
[Time "17:29:00"]
[WhiteClock "0:05:00.000"]
[BlackClock "0:05:00.000"]
[ECO "B50"]
[PlyCount "63"]
[Result "1-0"]

1. e4 c5 2. Nf3 d6 3. c3 Nf6 4. h3 Nxe4 5. Qa4+ Bd7 6. Qxe4 Bc6 7. Qe3 g6 8. d4 b6 9. Bd3 Bg7 10. O-O O-O 11. Nbd2 f5 12. Qe2 Nd7 13. dxc5 bxc5 14. Bc4+ Kh8 15. Bb3 e5 16. Re1 e4 17. Nh2 d5 18. Ndf1 Ne5 19. Bc2 f4 20. f3 e3 21. Ng4 Nxg4 22. hxg4 d4 23. cxd4 cxd4 24. Bd3 Qh4 25. b3 Rad8 26. Bb2 Rf7 27. Rac1 Rc7 28. Qd1 Qf2+ 29. Kh1 Qxb2 30. Rc2 Qa3 31. Qc1 Rdc8 32. Qxa3 {Black resigns} 1-0

[Event "FICS rated blitz game"]
[Site "FICS freechess.org"]
[FICSGamesDBGameNo "20002354"]
[White "MrBlues"]
[Black "vintage"]
[WhiteElo "1128"]
[BlackElo "1169"]
[WhiteRD "na"]
[BlackRD "na"]
[TimeControl "300+0"]
[Date "1999.10.06"]
[Time "17:16:00"]
[WhiteClock "0:05:00.000"]
[BlackClock "0:05:00.000"]
[ECO "C00"]
[PlyCount "54"]
[Result "0-1"]

1. e4 e6 2. d3 d5 3. exd5 exd5 4. Qe2+ Be6 5. Nf3 Nf6 6. Nbd2 Bd6 7. g3 O-O 8. c4 dxc4 9. dxc4 Re8 10. Qd3 Bxc4+ 11. Kd1 Bxd3 12. Bxd3 Bb4 13. Re1 Rxe1+ 14. Nxe1 Qd4 15. a3 Bxd2 16. Bxd2 Qxf2 17. g4 Nc6 18. Rc1 Rd8 19. Rc4 Rxd3 20. Nxd3 Qf3+ 21. Kc2 Ne4 22. Rb4 Nxb4+ 23. axb4 Qe2 24. b3 Qxd2+ 25. Kb1 Qxd3+ 26. Kb2 Qc3+ 27. Ka3 Qa1# {White checkmated} 0-1

[Event "FICS rated blitz game"]
[Site "FICS freechess.org"]
[FICSGamesDBGameNo "20002353"]
[White "anandk"]
[Black "Eltoro"]
[WhiteElo "1681"]
[BlackElo "1691"]
[WhiteRD "na"]
[BlackRD "na"]
[TimeControl "180+0"]
[Date "1999.10.06"]
[Time "15:38:00"]
[WhiteClock "0:03:00.000"]
[BlackClock "0:03:00.000"]
[ECO "B22"]
[PlyCount "72"]
[Result "0-1"]

1. e4 c5 2. c3 d5 3. e5 Bf5 4. d4 e6 5. f4 Nc6 6. Nf3 Nge7 7. Be3 h5 8. h3 Qc7 9. Nbd2 g6 10. Nb3 cxd4 11. Nbxd4 Be4 12. Bb5 Nf5 13. Bxc6+ bxc6 14. Bf2 Bxf3 15. Nxf3 c5 16. O-O Bh6 17. Qa4+ Kf8 18. g3 Kg7 19. Qa3 Rhc8 20. Qb3 Rab8 21. Qc2 a5 22. Rae1 d4 23. Kh2 dxc3 24. Qxc3 Rb4 25. a3 Rb5 26. Rc1 Rcb8 27. b4 axb4 28. axb4 Rxb4 29. Bxc5 Rb3 30. Qd2 Qb7 31. Rc3 Rb2 32. Rc2 Rb3 33. Ne1 Nxg3 34. Rg1 Ne4 35. Qe2 Bxf4+ 36. Kh1 Rxh3+ {White resigns} 0-1

[Event "FICS rated blitz game"]
[Site "FICS freechess.org"]
[FICSGamesDBGameNo "20002352"]
[White "Meowrus"]
[Black "Wiehl"]
[WhiteElo "1890"]
[BlackElo "1919"]
[WhiteRD "na"]
[BlackRD "na"]
[TimeControl "180+0"]
[Date "1999.10.06"]
[Time "15:15:00"]
[WhiteClock "0:03:00.000"]
[BlackClock "0:03:00.000"]
[ECO "B07"]
[PlyCount "96"]
[Result "0-1"]

1. e4 d6 2. Nc3 Nf6 3. g3 g6 4. Bg2 Bg7 5. d3 O-O 6. f4 Nbd7 7. Nf3 e5 8. O-O c6 9. h3 Nh5 10. f5 Nxg3 11. Rf2 Qb6 12. Nh4 Nc5 13. f6 Bh8 14. Kh2 Nh5 15. Qf1 Ne6 16. Rf3 Nef4 17. Ne2 Bxf6 18. Nxf4 Nxf4 19. Bxf4 exf4 20. Qe1 g5 21. Nf5 Bxf5 22. exf5 Rae8 23. Qf2 Qxf2 24. Rxf2 Re3 25. Rb1 Rfe8 26. b3 Re2 27. Rbf1 Bd4 28. Rxe2 Rxe2 29. c4 Rxa2 30. b4 Rd2 31. Rf3 Be3 32. h4 h6 33. hxg5 hxg5 34. Kh3 Rxd3 35. Kg4 f6 36. Bf1 Rd2 37. Rh3 Kg7 38. Rh1 Rd1 39. Bg2 Rxh1 40. Bxh1 Kf7 41. Kf3 Ke7 42. Ke4 Kd7 43. Bf3 b6 44. Be2 a5 45. bxa5 bxa5 46. Bd3 Kc7 47. Bc2 Kb6 48. Ba4 Kc5 {White forfeits on time} 0-1

[Event "FICS rated blitz game"]
[Site "FICS freechess.org"]
[FICSGamesDBGameNo "20002351"]
[White "Kootnoi"]
[Black "Alyoshapavlovich"]
[WhiteElo "1065"]
[BlackElo "1364"]
[WhiteRD "na"]
[BlackRD "na"]
[TimeControl "120+12"]
[Date "1999.10.06"]
[Time "14:32:00"]
[WhiteClock "0:02:00.000"]
[BlackClock "0:02:00.000"]
[ECO "A16"]
[PlyCount "59"]
[Result "0-1"]

1. c4 Nf6 2. Nc3 g6 3. Nf3 c5 4. g3 Bg7 5. Bg2 d6 6. O-O Nbd7 7. d3 Rb8 8. Rb1 O-O 9. Re1 b6 10. Kh1 Ng4 11. Kg1 Nde5 12. e3 Bf5 13. Nxe5 Nxe5 14. e4 Bg4 15. f3 Bd7 16. f4 Nc6 17. a3 Nd4 18. Be3 e5 19. Nd5 b5 20. b3 bxc4 21. bxc4 Rxb1 22. Qxb1 Ba4 23. Qb7 Qb8 24. Rb1 Qxb7 25. Rxb7 Bc2 26. Bxd4 cxd4 27. Bf1 Ra8 28. Kf2 Ba4 29. Nb4 f5 30. Rd7 {White resigns} 0-1

[Event "FICS rated blitz game"]
[Site "FICS freechess.org"]
[FICSGamesDBGameNo "20002350"]
[White "loper"]
[Black "Vandal"]
[WhiteElo "1482"]
[BlackElo "1483"]
[WhiteRD "na"]
[BlackRD "na"]
[TimeControl "120+8"]
[Date "1999.10.06"]
[Time "13:54:00"]
[WhiteClock "0:02:00.000"]
[BlackClock "0:02:00.000"]
[ECO "B21"]
[PlyCount "46"]
[Result "0-1"]

1. e4 c5 2. d4 cxd4 3. c3 dxc3 4. Nxc3 e6 5. Nf3 a6 6. Bc4 Nc6 7. O-O Bc5 8. Qe2 Nge7 9. Rd1 O-O 10. Na4 Ba7 11. Bg5 b5 12. Bxb5 axb5 13. Qxb5 Rb8 14. Qd3 Qa5 15. b3 h6 16. Bf4 e5 17. Bg3 Rd8 18. Bh4 Ba6 19. Qd6 Qb4 20. Bxe7 Nxe7 21. Qxe5 Nc6 22. Qf5 Bb5 23. Rxd7 Bxa4 {White forfeits on time} 0-1

[Event "FICS rated blitz game"]
[Site "FICS freechess.org"]
[FICSGamesDBGameNo "20002349"]
[White "Leebros"]
[Black "dullskull"]
[WhiteElo "1238"]
[BlackElo "1108"]
[WhiteRD "na"]
[BlackRD "na"]
[TimeControl "120+12"]
[Date "1999.10.06"]
[Time "13:40:00"]
[WhiteClock "0:02:00.000"]
[BlackClock "0:02:00.000"]
[ECO "D00"]
[PlyCount "71"]
[Result "1-0"]

1. d4 d5 2. Bf4 Nf6 3. Nd2 g6 4. e3 Bg7 5. Ngf3 O-O 6. Be2 a6 7. Ne5 Nbd7 8. Ndf3 Nxe5 9. Nxe5 Bf5 10. g4 Be6 11. h4 c6 12. Qd2 Ne4 13. Qd3 Bxe5 14. Bxe5 f6 15. Bf4 Qd7 16. f3 Nf2 17. Kxf2 f5 18. g5 Bf7 19. Be5 Rae8 20. Rh2 b6 21. Rah1 c5 22. c3 c4 23. Qc2 e6 24. f4 Ra8 25. h5 gxh5 26. Bxh5 Bxh5 27. Rxh5 Rf7 28. Rh6 Kf8 29. Bf6 Ke8 30. Kf3 Qc6 31. Rxh7 Rxh7 32. Rxh7 Rc8 33. Qh2 Rc7 34. g6 Rxh7 35. Qxh7 b5 36. Qe7# {Black checkmated} 1-0

[Event "FICS rated lightning game"]
[Site "FICS freechess.org"]
[FICSGamesDBGameNo "20002348"]
[White "Pommes"]
[Black "Lubi"]
[WhiteElo "1656"]
[BlackElo "1532"]
[WhiteRD "na"]
[BlackRD "na"]
[TimeControl "0+1"]
[Date "1999.10.06"]
[Time "11:37:00"]
[WhiteClock "0:10.000"]
[BlackClock "0:10.000"]
[ECO "A41"]
[PlyCount "89"]
[Result "1-0"]

1. d4 d6 2. c4 c5 3. Nf3 cxd4 4. Nxd4 e5 5. Nf3 Nc6 6. Nc3 g6 7. e3 Be6 8. Bd2 Bg7 9. a3 Nge7 10. Qc2 O-O 11. Be2 Bf5 12. O-O Bxc2 13. Rac1 Bf5 14. Ne1 Bd7 15. Nd3 Nf5 16. c5 d5 17. Nb5 Ncd4 18. exd4 exd4 19. Nd6 Nxd6 20. cxd6 Bc6 21. Bf4 f5 22. Bg3 g5 23. f4 gxf4 24. Rxf4 Bf6 25. Rcf1 Bg5 26. Rxf5 Rxf5 27. Rxf5 Be3+ 28. Bf2 Bb5 29. Bxe3 dxe3 30. Rf3 Bxd3 31. Bxd3 d4 32. Rf4 Qxd6 33. Re4 Rf8 34. h3 Qf6 35. Rg4+ Kh8 36. Rh4 Qf2+ 37. Kh2 Qf4+ 38. Rxf4 Rxf4 39. g3 Rf2+ 40. Kg1 Rf3 41. Be4 Rf2 42. Kh1 Rf1+ 43. Kg2 Rc1 44. Kf3 e2 45. Kxe2 {Black forfeits on time} 1-0

[Event "FICS rated blitz game"]
[Site "FICS freechess.org"]
[FICSGamesDBGameNo "20002347"]
[White "JohnX"]
[Black "sweetriangle"]
[WhiteElo "1541"]
[BlackElo "1457"]
[WhiteRD "na"]
[BlackRD "na"]
[TimeControl "180+0"]
[Date "1999.10.06"]
[Time "11:09:00"]
[WhiteClock "0:03:00.000"]
[BlackClock "0:03:00.000"]
[ECO "A80"]
[PlyCount "62"]
[Result "0-1"]

1. d4 f5 2. Nf3 Nf6 3. c4 d6 4. Nc3 g6 5. Bg5 Bg7 6. e3 O-O 7. Bd3 h6 8. Bh4 Qe8 9. O-O e5 10. dxe5 dxe5 11. Bc2 e4 12. Nd4 Nc6 13. h3 Nxd4 14. Qxd4 Be6 15. Rfd1 Rd8 16. Qxa7 Bxc4 17. Qxb7 Rf7 18. a3 c5 19. Rxd8 Qxd8 20. Qc6 Bd3 21. Rd1 Rc7 22. Qe6+ Kh7 23. Nb5 Re7 24. Qc6 Bxb5 25. Qxb5 Qc7 26. Bg3 Qb7 27. Qxc5 Rc7 28. Qe5 Rxc2 29. Rb1 Nd7 30. Qe7 Qc7 31. b4 Rc3 {White forfeits on time} 0-1

[Event "FICS rated blitz game"]
[Site "FICS freechess.org"]
[FICSGamesDBGameNo "20002345"]
[White "ukKingpin"]
[Black "Thialf"]
[WhiteElo "1667"]
[BlackElo "1855"]
[WhiteRD "na"]
[BlackRD "na"]
[TimeControl "180+0"]
[Date "1999.10.06"]
[Time "04:31:00"]
[WhiteClock "0:03:00.000"]
[BlackClock "0:03:00.000"]
[ECO "B06"]
[PlyCount "74"]
[Result "1/2-1/2"]

1. e4 g6 2. d4 Bg7 3. c3 d6 4. f4 Nf6 5. e5 Nfd7 6. Nf3 c5 7. Be2 cxd4 8. cxd4 Nc6 9. O-O O-O 10. Nc3 dxe5 11. dxe5 Nb6 12. Qb3 Be6 13. Qc2 f6 14. exf6 exf6 15. Be3 Nd5 16. Nxd5 Qxd5 17. Rfd1 Qa5 18. Nd4 Nxd4 19. Bxd4 Rac8 20. Qd3 Rfd8 21. Qe3 Bf7 22. Bxa7 Bf8 23. Bb6 Qxb6 24. Qxb6 Bc5+ 25. Qxc5 Rxd1+ 26. Bxd1 Rxc5 27. Bf3 b6 28. Rd1 Bxa2 29. Rd8+ Kg7 30. Rd7+ Kh6 31. Rb7 Rc1+ 32. Kf2 Rc2+ 33. Kg3 Rxb2 34. h4 Be6 35. Bc6 b5 36. Rxb5 Rxb5 37. Bxb5 Kh5 {Game drawn by mutual agreement} 1/2-1/2

[Event "FICS rated blitz game"]
[Site "FICS freechess.org"]
[FICSGamesDBGameNo "20002344"]
[White "chinnery"]
[Black "oinkoink"]
[WhiteElo "1641"]
[BlackElo "1598"]
[WhiteRD "na"]
[BlackRD "na"]
[TimeControl "120+6"]
[Date "1999.10.06"]
[Time "01:19:00"]
[WhiteClock "0:02:00.000"]
[BlackClock "0:02:00.000"]
[ECO "A52"]
[PlyCount "101"]
[Result "1-0"]

1. c4 Nf6 2. d4 e5 3. dxe5 Ng4 4. Nf3 Nc6 5. Nc3 Ngxe5 6. e3 Be7 7. Be2 O-O 8. O-O Re8 9. Nd5 Bf8 10. b3 Nb4 11. Bb2 Nxd5 12. Qxd5 Nxf3+ 13. Bxf3 d6 14. Rad1 Qe7 15. Rd2 Rb8 16. Rfd1 Be6 17. Qd4 a6 18. b4 f6 19. Bd5 Kh8 20. f4 Bxd5 21. cxd5 Qxe3+ 22. Qxe3 Rxe3 23. Rc2 Rc8 24. Kf2 Re7 25. Re2 Rxe2+ 26. Kxe2 Kg8 27. Kd3 Kf7 28. Re1 Re8 29. Re4 Rxe4 30. Kxe4 g6 31. g4 Bg7 32. f5 Bh6 33. h4 Bd2 34. a3 Be1 35. g5 Bxh4 36. Bxf6 Bf2 37. Bd8 Bb6 38. f6 a5 39. b5 a4 40. Kd3 Bc5 41. Bxc7 Bxa3 42. Kc4 Bc5 43. b6 h5 44. gxh6 Kxf6 45. Bd8+ Kf7 46. Kd3 Kg8 47. Kc3 Kh7 48. Bg5 a3 49. Kb3 Bxb6 50. Kxa3 Bc5+ 51. Ka4 {Black forfeits on time} 1-0

[Event "FICS rated blitz game"]
[Site "FICS freechess.org"]
[FICSGamesDBGameNo "20002343"]
[White "Machete"]
[Black "Nemisis"]
[WhiteElo "1466"]
[BlackElo "1484"]
[WhiteRD "na"]
[BlackRD "na"]
[TimeControl "300+0"]
[Date "1999.10.06"]
[Time "00:01:00"]
[WhiteClock "0:05:00.000"]
[BlackClock "0:05:00.000"]
[ECO "B22"]
[PlyCount "50"]
[Result "0-1"]

1. e4 c5 2. c3 e6 3. d4 cxd4 4. cxd4 Nc6 5. Nf3 d5 6. exd5 Qxd5 7. Nc3 Bb4 8. Bd2 Qd8 9. Nb5 a6 10. Bxb4 Nxb4 11. Qa4 Nc6 12. Qa3 Nf6 13. Nd6+ Kd7 14. Ne5+ Nxe5 15. dxe5 Nd5 16. Nxf7 Qh4 17. Qd6+ Ke8 18. Nxh8 Qe4+ 19. Be2 Nf4 20. Qd2 Nxg2+ 21. Kd1 Ne3+ 22. Qxe3 Qxh1+ 23. Kd2 Qxa1 24. Qf3 Qxb2+ 25. Ke1 Qa1+ {White forfeits on time} 0-1

[Event "FICS rated blitz game"]
[Site "FICS freechess.org"]
[FICSGamesDBGameNo "20002342"]
[White "AlexGR"]
[Black "spiderchess"]
[WhiteElo "1506"]
[BlackElo "1730"]
[WhiteRD "na"]
[BlackRD "na"]
[TimeControl "300+12"]
[Date "1999.10.05"]
[Time "23:38:00"]
[WhiteClock "0:05:00.000"]
[BlackClock "0:05:00.000"]
[ECO "B56"]
[PlyCount "80"]
[Result "0-1"]

1. e4 c5 2. Nf3 Nc6 3. d4 cxd4 4. Nxd4 Nf6 5. Nc3 d6 6. Bb5 Bd7 7. Bg5 e5 8. Nxc6 bxc6 9. Ba4 Be7 10. O-O O-O 11. Bxf6 Bxf6 12. Qxd6 Rb8 13. Rad1 Rb7 14. Bxc6 Bxc6 15. Qxc6 Qb8 16. b3 Rc7 17. Qa4 Rxc3 18. Rd2 Rfc8 19. b4 Bg5 20. Re2 Qc7 21. a3 Qc4 22. Rfe1 Rxc2 23. Rxc2 Qxc2 24. Qxa7 Qc1 25. Kf1 Qc4+ 26. Re2 Qc1+ 27. Re1 Qc3 28. g3 Bd2 29. Rd1 Qd3+ 30. Kg2 Qxe4+ 31. Kh3 h5 32. Rxd2 Qg4+ 33. Kg2 Qe4+ 34. Kh3 Qf5+ 35. Kg2 e4 36. Qa5 Qf3+ 37. Kf1 Qh1+ 38. Ke2 Qf3+ 39. Ke1 Rc1+ 40. Rd1 Rxd1# {White checkmated} 0-1

[Event "FICS rated blitz game"]
[Site "FICS freechess.org"]
[FICSGamesDBGameNo "20002340"]
[White "NATSU"]
[Black "ApaKabar"]
[WhiteElo "1201"]
[BlackElo "1179"]
[WhiteRD "na"]
[BlackRD "na"]
[TimeControl "240+15"]
[Date "1999.10.05"]
[Time "21:25:00"]
[WhiteClock "0:04:00.000"]
[BlackClock "0:04:00.000"]
[ECO "C02"]
[PlyCount "133"]
[Result "1-0"]

1. d4 e6 2. e4 d5 3. e5 c5 4. c3 cxd4 5. cxd4 a6 6. Nc3 Bb4 7. Bd2 Nc6 8. Nf3 Nge7 9. Rc1 O-O 10. a3 Ba5 11. Bd3 Bb6 12. O-O Nxd4 13. Nxd4 Bxd4 14. Qg4 Bxe5 15. Rfe1 f5 16. Qh5 g6 17. Qh6 Bg7 18. Qh3 e5 19. Bg5 f4 20. Qh4 Bf5 21. Bxf5 Rxf5 22. Bxe7 Bf6 23. Bxf6 Qxf6 24. Qxf6 Rxf6 25. Rxe5 Rf5 26. Rxf5 gxf5 27. Nxd5 Rd8 28. Rd1 Kf7 29. Kf1 Ke6 30. Nc7+ Ke7 31. Rxd8 Kxd8 32. Ne6+ Ke7 33. Nxf4 Kd6 34. b4 Ke5 35. Nd3+ Kd4 36. Nc5 Kc3 37. Ke2 Kc4 38. Nxb7 Kb3 39. Nc5+ Kxa3 40. Nxa6 Ka4 41. Nc5+ Kxb4 42. Ne6 Kc4 43. Ke3 Kd5 44. Ng7 Ke5 45. h4 Kf6 46. Nh5+ Kg6 47. Ng3 h6 48. Kf4 h5 49. Nxf5 Kf6 50. Ng3 Kg6 51. Ke5 Kh6 52. f4 Kg6 53. f5+ Kh6 54. f6 Kg6 55. Ke6 Kh7 56. f7 Kg7 57. Nxh5+ Kf8 58. Nf4 Kg7 59. h5 Kf8 60. g4 Kg7 61. g5 Kf8 62. Ng6+ Kg7 63. h6+ Kh7 64. Nf4 Kh8 65. f8=Q+ Kh7 66. Qe7+ Kg8 67. Qg7# {Black checkmated} 1-0

[Event "FICS rated blitz game"]
[Site "FICS freechess.org"]
[FICSGamesDBGameNo "20002339"]
[White "wangle"]
[Black "GoldFish"]
[WhiteElo "2051"]
[BlackElo "2015"]
[WhiteRD "na"]
[BlackRD "na"]
[TimeControl "300+0"]
[Date "1999.10.05"]
[Time "21:22:00"]
[WhiteClock "0:05:00.000"]
[BlackClock "0:05:00.000"]
[ECO "E98"]
[PlyCount "80"]
[Result "0-1"]

1. d4 Nf6 2. c4 g6 3. Nc3 Bg7 4. e4 d6 5. Be2 O-O 6. Nf3 e5 7. O-O Nc6 8. d5 Ne7 9. Ne1 Nd7 10. Nd3 f5 11. Bd2 Kh8 12. f3 Ng8 13. a4 Bh6 14. Bxh6 Nxh6 15. a5 f4 16. b4 g5 17. c5 Nf7 18. c6 Nf6 19. cxb7 Bxb7 20. a6 Bc8 21. b5 Rg8 22. h3 h5 23. Nb4 g4 24. fxg4 hxg4 25. Nc6 Qe8 26. hxg4 Bxg4 27. Qe1 Nh6 28. Qh4 Nh5 29. Ra3 Bxe2 30. Nxe2 Rg4 31. Qh2 Qg6 32. Rh3 Rg5 33. Kh1 Ng4 34. Qg1 Kg7 35. Rc1 Ne3 36. Ne7 Qxe4 37. Rxc7 Kf6 38. Nc3 Qd4 39. Qb1 Rh8 40. Kh2 Rxg2+ {White forfeits on time} 0-1

[Event "FICS rated blitz game"]
[Site "FICS freechess.org"]
[FICSGamesDBGameNo "20002338"]
[White "Woulfe"]
[Black "littleboy"]
[WhiteElo "1483"]
[BlackElo "1576"]
[WhiteRD "na"]
[BlackRD "na"]
[TimeControl "240+0"]
[Date "1999.10.05"]
[Time "20:08:00"]
[WhiteClock "0:04:00.000"]
[BlackClock "0:04:00.000"]
[ECO "B21"]
[PlyCount "90"]
[Result "0-1"]

1. e4 c5 2. f4 g6 3. Nf3 Bg7 4. c3 d5 5. e5 Bg4 6. Be2 e6 7. O-O Nc6 8. d4 b6 9. Ng5 Bxe2 10. Qxe2 cxd4 11. cxd4 h6 12. Nf3 Nge7 13. b3 O-O 14. Ba3 Re8 15. Nc3 Nf5 16. Rad1 Rc8 17. Nb5 a6 18. Nd6 Nxd6 19. Bxd6 Qd7 20. g4 Bf8 21. Bxf8 Kxf8 22. g5 h5 23. Nh4 b5 24. Qd3 Kg7 25. f5 exf5 26. Nxf5+ gxf5 27. Rxf5 Re6 28. Rdf1 Rf8 29. Qh3 Rg6 30. Qxh5 Ne7 31. h4 Nxf5 32. Qg4 Qa7 33. Rxf5 Rh8 34. Rf4 Qb6 35. h5 Rc6 36. h6+ Kg8 37. Kh2 Rc2+ 38. Kg3 Rc3+ 39. Kh4 Rc1 40. Qf5 Rh1+ 41. Kg3 Qg6 42. h7+ R8xh7 43. Qc8+ Kg7 44. Rg4 R7h3+ 45. Kf4 Qe4# {White checkmated} 0-1

[Event "FICS rated blitz game"]
[Site "FICS freechess.org"]
[FICSGamesDBGameNo "20002337"]
[White "Woulfe"]
[Black "gopher"]
[WhiteElo "1476"]
[BlackElo "1457"]
[WhiteRD "na"]
[BlackRD "na"]
[TimeControl "180+0"]
[Date "1999.10.05"]
[Time "19:15:00"]
[WhiteClock "0:03:00.000"]
[BlackClock "0:03:00.000"]
[ECO "C38"]
[PlyCount "69"]
[Result "1-0"]

1. e4 e5 2. f4 exf4 3. Nf3 d6 4. Bc4 h6 5. O-O g5 6. d4 Bg7 7. c3 Nc6 8. e5 dxe5 9. Nxe5 Nxe5 10. Qe2 Qe7 11. dxe5 Qxe5 12. Qxe5+ Bxe5 13. Nd2 Ne7 14. Nf3 Bg7 15. b3 Bxc3 16. Rb1 O-O 17. Ba3 Bf6 18. Rfe1 Re8 19. Ne5 Bxe5 20. Rxe5 Be6 21. Bxe6 fxe6 22. Rxe6 Nf5 23. Rbe1 Kf7 24. Rxe8 Rxe8 25. Rd1 Nd6 26. Bxd6 Rd8 27. Rc1 cxd6 28. Rc7+ Ke6 29. Rxb7 Rd7 30. Rb4 d5 31. Kf1 d4 32. Ke1 d3 33. Kd2 Ke5 34. Rc4 Rd4 35. Rc7 {Black forfeits on time} 1-0

[Event "FICS rated blitz game"]
[Site "FICS freechess.org"]
[FICSGamesDBGameNo "20002336"]
[White "Reznor"]
[Black "RogerS"]
[WhiteElo "1969"]
[BlackElo "2022"]
[WhiteRD "na"]
[BlackRD "na"]
[TimeControl "180+0"]
[Date "1999.10.05"]
[Time "18:30:00"]
[WhiteClock "0:03:00.000"]
[BlackClock "0:03:00.000"]
[ECO "C63"]
[PlyCount "85"]
[Result "1-0"]

1. e4 e5 2. Nf3 Nc6 3. Bb5 f5 4. Nc3 Nf6 5. d3 Bb4 6. Bg5 Bxc3+ 7. bxc3 fxe4 8. dxe4 d6 9. O-O O-O 10. Qe2 Qe8 11. Bxf6 Rxf6 12. Bxc6 bxc6 13. Nd2 Be6 14. Rab1 Qg6 15. Rfe1 Raf8 16. f3 Qg5 17. Kh1 Rh6 18. Nf1 Bc8 19. Qe3 Qh5 20. Rb8 Be6 21. Rxf8+ Kxf8 22. Qxa7 Ke7 23. Qxc7+ Kf6 24. Qxd6 Qg5 25. Qd8+ Kf7 26. Qxg5 Rg6 27. Qxe5 Rf6 28. Qc7+ Kg6 29. Qxc6 Bxa2 30. Qa4 Be6 31. e5 Rf5 32. Qg4+ Kf7 33. Ng3 Rxe5 34. Rxe5 Bxg4 35. fxg4 Kf6 36. Rf5+ Kg6 37. c4 h6 38. c5 Kh7 39. c6 g6 40. Rf7+ Kg8 41. Rd7 h5 42. c7 hxg4 43. c8=Q# {Black checkmated} 1-0

[Event "FICS rated blitz game"]
[Site "FICS freechess.org"]
[FICSGamesDBGameNo "20002334"]
[White "Xolaris"]
[Black "frenchies"]
[WhiteElo "1599"]
[BlackElo "1515"]
[WhiteRD "na"]
[BlackRD "na"]
[TimeControl "180+0"]
[Date "1999.10.05"]
[Time "16:45:00"]
[WhiteClock "0:03:00.000"]
[BlackClock "0:03:00.000"]
[ECO "C21"]
[PlyCount "51"]
[Result "1-0"]

1. e4 e5 2. d4 exd4 3. c3 d3 4. Bxd3 Nc6 5. Nf3 Bc5 6. c4 Nf6 7. O-O O-O 8. Nc3 Re8 9. Re1 Ng4 10. Be3 Bxe3 11. fxe3 d6 12. h3 Nge5 13. Be2 Nxf3+ 14. Bxf3 Ne5 15. Rf1 Nxc4 16. Qe2 Be6 17. Bh5 c6 18. Rf2 Qb6 19. Raf1 Nxe3 20. Re1 Nc4 21. Kh1 Ne5 22. Ref1 Bc4 23. Bxf7+ Nxf7 24. Qxc4 d5 25. exd5 Ne5 26. Qf4 {Black forfeits on time} 1-0

[Event "FICS rated blitz game"]
[Site "FICS freechess.org"]
[FICSGamesDBGameNo "20002333"]
[White "Sathish"]
[Black "muithy"]
[WhiteElo "1347"]
[BlackElo "1229"]
[WhiteRD "na"]
[BlackRD "na"]
[TimeControl "300+0"]
[Date "1999.10.05"]
[Time "16:23:00"]
[WhiteClock "0:05:00.000"]
[BlackClock "0:05:00.000"]
[ECO "C50"]
[PlyCount "21"]
[Result "1-0"]

1. e4 e5 2. Nf3 Nc6 3. Bc4 d6 4. h3 Nf6 5. Ng5 d5 6. exd5 Na5 7. Bb3 Bd6 8. O-O Nxd5 9. d3 c6 10. Qf3 Nxb3 11. Qxf7# {Black checkmated} 1-0